 Dungeon Crawl Stone Soup version 0.31.0-32-g396128a36d (webtiles) character file.

Game seed: 18215943750167786236

15029 adizb the Party-goer (level 11, -2/89 HPs)
             Began as a Demonspawn Fighter on Apr 14, 2024.
             Was a Priest of Uskayaw.
             Slain by a death yak (21 damage)
             ... led by a torpor snail
             ... on level 3 of the Lair of Beasts.
             The game lasted 00:49:30 (9282 turns).

adizb the Party-goer (Demonspawn Fighter)           Turns: 9282, Time: 00:49:31

Health: -2/89      AC: 20    Str: 20    XL:     11   Next: 96%
Magic:  10/18      EV: 11    Int:  9    God:    Uskayaw [***...]
Gold:   716        SH: 16    Dex: 13    Spells: 10/10 levels left

rFire   . . .        w - +1 demon trident
rCold   + . .        t - +1 kite shield
rNeg    . . .        y - +4 scale mail
rPois   .            F - +2 hat
rElec   .            x - +1 cloak
rCorr   .            (no gloves)
SInv    .            (no boots)
Will    +....        l - amulet of the acrobat Stlth
                     u - ring of willpower
HPRegen 0.34/turn    g - ring of protection from cold
MPRegen 0.16/turn

%: acrobat
@: no status effects
A: hooves 2, molten scales 2, condensation shield, shaggy fur 1
a: Renounce Religion, Stomp, Line Pass


You were on level 3 of the Lair of Beasts.
You worshipped Uskayaw.
Uskayaw was aware of your devotion.
You visited 3 branches of the dungeon, and saw 12 of its levels.

You collected 716 gold pieces.

Inventory:

Hand Weapons
 i - a +4 trident of draining
 w - a +1 demon trident (weapon)
Missiles
 q - 11 poisoned darts (quivered)
 A - 3 javelins
Armour
 b - +0 steam dragon scales
 m - the +3 leather armour of Xeruorgh {rPois rC- Str+2 Int+5}
   (You took it off an orc on level 3 of the Dungeon)

   Str+2:     It affects your strength (+2).
   Int+5:     It affects your intelligence (+5).
   rC-:       It makes you vulnerable to cold.
   rPois:     It protects you from poison
 r - a +0 helmet
 t - a +1 kite shield (worn)
 x - a +1 cloak (worn)
 y - a +4 scale mail (worn)
 F - a +2 hat (worn)
Jewellery
 g - a ring of protection from cold (right hand)
 l - an amulet of the acrobat (around neck)
 u - a ring of willpower (left hand)
Wands
 a - a wand of digging (3)
 s - a wand of flame (24)
 v - a wand of charming (6)
 z - a wand of light (2)
 C - a wand of iceblast (8)
Scrolls
 f - a scroll of poison
 h - 9 scrolls of teleportation
 n - 2 scrolls of revelation
 H - a scroll of fear
 I - a scroll of fog {unknown}
Potions
 c - a potion of lignification
 d - 2 potions of cancellation
 e - 2 potions of berserk rage
 j - a potion of might
 k - 5 potions of curing
 o - a potion of attraction
 p - 3 potions of enlightenment
 B - a potion of haste
 D - 2 potions of ambrosia
 E - 2 potions of resistance
 G - a potion of magic


   Skills:
 + Level 9.0 Fighting
 - Level 3.1 Maces & Flails
 * Level 6.6 Polearms
 + Level 7.4 Armour
 + Level 6.2 Dodging
 + Level 9.2 Shields
 + Level 10.0 Invocations


You had 10 spell levels left.
You didn't know any spells.
Your spell library contained the following spells:

 Spells                   Type           Power      Damage    Failure   Level
 Freeze                   Ice            0%         1d3       90%         1
 Shock                    Conj/Air       0%         1d3       90%         1
 Sting                    Conj/Alch      0%         1d3       90%         1
 Ensorcelled Hibernation  Hex/Ice        0%         N/A       97%         2
 Mercury Vapours          Alch/Air       0%         N/A       97%         2
 Static Discharge         Conj/Air       0%         3-3/arc   97%         2
 Dazzling Flash           Conj/Hex       0%         N/A       99%         3
 Frozen Ramparts          Ice            0%         1d1       99%         3
 Fugue of the Fallen      Necr           0%         N/A       99%         3
 Hailstorm                Conj/Ice       0%         3d5       99%         3
 Swiftness                Air            0%         N/A       99%         3
 Volatile Blastmotes      Fire/Tloc      0%         2d10      99%         3
 Airstrike                Air            0%         2d(0-16)  100%        4
 Anguish                  Hex/Necr       0%         N/A       100%        4
 Olgreb's Toxic Radiance  Alch           0%         N/A       100%        4
 Summon Lightning Spire   Summ/Air       0%         N/A       100%        4
 Starburst                Conj/Fire      0%         6d3       100%        6
 Maxwell's Capacitive Co  Air            0%         ∞         100%        8


Dungeon Overview and Level Annotations

Branches:
Dungeon (8/15)             Temple (1/1) D:5            Lair (3/5) D:8
  Swamp (0/4) Lair:2
  Snake: Lair:2-3    Spider: Lair:2-3

Altars:
Cheibriados
Dithmenos
Fedhas
Gozag
Hepliaklqana
Kikubaaqudgha
Nemelex Xobeh
Okawaru
Qazlal
Ru
Sif Muna
Trog
Uskayaw
Vehumet
Wu Jian
Xom
Yredelemnul
Lugonu


Innate Abilities, Weirdness & Mutations

You have hoof-like feet.
You are mostly covered in molten scales. (AC +3)
A meltable shield of frost defends you. (SH +4)
You are covered in fur. (AC +1)


Message History

The death yak is moderately wounded.
You feel sick. You block the death yak's attack.
Aiming: Line Pass
Press: ? - help, Dir - move target The death yak appears confused.
You feel sick. You block the death yak's attack.
You catch the helpless death yak completely off-guard!
You hit the death yak.
You kick the death yak, but do no damage.
The death yak is moderately wounded.
You feel sick. You block the death yak's attack.
You hit the death yak.
The death yak is moderately wounded.
You feel sick.
You are no longer poisoned.
The death yak seems less confused.
The death yak barely misses you.
You puncture the death yak!
The death yak is heavily wounded.
The death yak gores you!
* * * LOW HITPOINT WARNING * * *
Uskayaw will force your foes to share their pain.
Aiming: Line Pass
Press: ? - help, Dir - move target The death yak appears confused.
You catch the helpless death yak completely off-guard!
You hit the death yak but do no damage.
You kick the death yak, but do no damage.
The death yak is heavily wounded.
The death yak barely misses you.
The death yak gores itself!
You hit the death yak.
The death yak is severely wounded.
The death yak seems less confused.
The death yak gores you!
* * * LOW HITPOINT WARNING * * *
You feel much better. The death yak gores you!
* * * LOW HITPOINT WARNING * * *
You puncture the death yak!
You kick the death yak, but do no damage.
The death yak is almost dead.
The death yak gores you!!
You die...

#....# ###....#
###....#####......#
###.#.....##...†....#
............#......##
...<.....P##.##....#
#.##.#....#####..).#
#######..## ##...#
#...# #...# #...#
#@.## #.... ##Y..#
#...## #.(.## ..#
#.(..# #P....#
##(..## #(..P ....##
....#


You could see a death yak.

Vanquished Creatures
  Gastronok (Lair:2)
  An alligator (Lair:2)
  A death yak (Lair:3)
  A lindwurm (Lair:2)
  2 black mambas (Lair:2)
  A torpor snail (Lair:3)
  8 cane toads
  Jeremiah (D:7)
  2 rime drakes
  3 komodo dragons
  5 polar bears
  3 blink frogs (Lair:2)
  3 wyverns
  5 yaks
  2 steam dragons
  10 water moccasins
  A swamp drake (Lair:2)
  A sky beast (D:7)
  3 ice beasts
  An ogre (D:6)
  2 black bears
  7 wolves (Lair:3)
  2 centaurs (D:8)
  13 bullfrogs
  2 scorpions (D:5)
  5 killer bees (D:8)
  An electric eel (Lair:1)
  3 howler monkeys
  2 bombardier beetles
  2 hounds
  2 jellies
  A gnoll bouda (D:8)
  2 orc priests
  3 sleepcaps
  10 orc wizards
  2 iguanas
  Terence (D:2)
  Robin (D:2)
  8 gnolls
  3 adders
  A shadow imp (D:7)
  A white imp (D:7)
  3 ribbon worms (D:2)
  2 dart slugs (D:2)
  20 orcs
  6 bats
  6 endoplasms
  2 giant cockroaches
  6 hobgoblins
  8 kobolds
  2 quokkas (D:5)
  10 ball pythons
  5 frilled lizards
  17 goblins
  11 rats
  A spectral hobgoblin (D:6)
228 creatures vanquished.

Vanquished Creatures (collateral kills)
  A white imp (D:6)
1 creature vanquished.

Vanquished Creatures (others)
  A shadow imp (D:6)
1 creature vanquished.

Grand Total: 230 creatures vanquished

Notes
Turn   | Place    | Note
-------+----------+-------------------------------------------
     0 | D:1      | adizb the Demonspawn Fighter began the quest for the Orb.
     0 | D:1      | Reached XP level 1. HP: 18/18 MP: 1/1
   247 | D:1      | Gained mutation: You have large cloven feet. [demonic
                  | ancestry]
   247 | D:1      | Reached XP level 2. HP: 20/24 MP: 2/2
   755 | D:2      | Reached XP level 3. HP: 16/30 MP: 3/3
   847 | D:2      | Noticed Terence
   856 | D:2      | Killed Terence
  1037 | D:2      | Reached XP level 4. HP: 17/37 MP: 4/4
  1175 | D:3      | Found a shimmering blue altar of Sif Muna.
  1243 | D:3      | Reached XP level 5. HP: 23/43 MP: 5/5
  1478 | D:3      | Identified the +3 leather armour of Xeruorgh {rPois rC-
                  | Str+2 Int+5}
  1876 | D:2      | Reached skill level 5 in Fighting
  2144 | D:2      | Found a faded altar of an unknown god.
  2218 | D:2      | Noticed Robin
  2382 | D:2      | Killed Robin
  2480 | D:3      | Reached XP level 6. HP: 28/51 MP: 6/6
  2635 | D:3      | Found a blossoming altar of Fedhas.
  3011 | D:4      | Found a hide-covered altar of Uskayaw.
  3037 | D:4      | Became a worshipper of Uskayaw the Reveller
  3044 | D:4      | Reached * piety under Uskayaw
  3127 | D:4      | Reached ** piety under Uskayaw
  3282 | D:4      | Reached skill level 1 in Dodging
  3321 | D:4      | Found a snail-covered altar of Cheibriados.
  3504 | D:5      | Entered Level 5 of the Dungeon
  3524 | D:5      | Reached skill level 1 in Polearms
  3538 | D:5      | Found an opulent altar of Gozag.
  3736 | D:5      | Noticed a water moccasin
  3744 | D:5      | Killed a water moccasin
  3745 | D:5      | Gained mutation: You have hoof-like feet. [demonic
                  | ancestry]
  3745 | D:5      | Reached XP level 7. HP: 43/56 MP: 0/7
  3771 | D:5      | Found a staircase to the Ecumenical Temple.
  3803 | Temple   | Entered the Ecumenical Temple
  3956 | D:5      | Reached skill level 1 in Invocations
  4164 | D:6      | Noticed a steam dragon
  4180 | D:5      | Reached skill level 2 in Invocations
  4180 | D:5      | Gained mutation: You are partially covered in molten
                  | scales. (AC +2) [demonic ancestry]
  4180 | D:5      | Reached XP level 8. HP: 5/64 MP: 3/9
  4692 | D:6      | Found a basalt altar of Yredelemnul.
  4797 | D:6      | Gained mutation: You occasionally lose the ability to read
                  | scrolls when taking damage. [potion of mutation]
  4798 | D:6      | Lost mutation: You occasionally lose the ability to read
                  | scrolls when taking damage. [potion of mutation]
  4798 | D:6      | Gained mutation: You are covered in fur. (AC +1) [potion of
                  | mutation]
  4890 | D:6      | Found a hazy altar of Hepliaklqana.
  4904 | D:6      | Reached skill level 3 in Invocations
  5178 | D:7      | Reached *** piety under Uskayaw
  5195 | D:7      | Reached skill level 5 in Shields
  5318 | D:7      | Reached skill level 4 in Invocations
  5502 | D:7      | Reached skill level 5 in Armour
  5586 | D:7      | Reached skill level 5 in Invocations
  5661 | D:7      | Noticed Jeremiah
  5992 | D:7      | Reached XP level 9. HP: 57/65 MP: 12/12
  5993 | D:7      | Found an ornate altar of the Wu Jian Council.
  6076 | D:7      | Killed Jeremiah
  6268 | D:8      | Found a bloodstained altar of Trog.
  6364 | D:8      | Reached skill level 6 in Invocations
  6379 | D:8      | Reached **** piety under Uskayaw
  6387 | D:8      | Reached ***** piety under Uskayaw
  6396 | D:8      | Reached ****** piety under Uskayaw
  6398 | D:8      | Reached skill level 7 in Invocations
  6681 | D:8      | Found a staircase to the Lair.
  6794 | D:8      | Found an iron altar of Okawaru.
  7049 | Lair:1   | Entered Level 1 of the Lair of Beasts
  7055 | Lair:1   | Gained mutation: A meltable shield of frost defends you.
                  | (SH +4) [demonic ancestry]
  7055 | Lair:1   | Reached XP level 10. HP: 79/79 MP: 15/15
  7194 | Lair:1   | Noticed a cane toad
  7202 | Lair:1   | Killed a cane toad
  7273 | Lair:1   | Reached skill level 8 in Invocations
  7547 | Lair:1   | Noticed a cane toad
  7555 | Lair:1   | Killed a cane toad
  7633 | Lair:2   | Noticed a black mamba
  7643 | Lair:2   | Killed a black mamba
  7693 | Lair:2   | Reached skill level 5 in Polearms
  7723 | Lair:2   | Noticed Gastronok
  7750 | Lair:2   | Killed Gastronok
  7751 | Lair:2   | Reached skill level 5 in Dodging
  7772 | Lair:2   | Gained mutation: You are mostly covered in molten scales.
                  | (AC +3) [demonic ancestry]
  7772 | Lair:2   | Reached XP level 11. HP: 44/86 MP: 13/17
  7814 | Lair:2   | Noticed a lindwurm
  7820 | Lair:2   | Killed a lindwurm
  8031 | Lair:2   | Reached skill level 9 in Invocations
  8696 | Lair:2   | Noticed an alligator
  8713 | Lair:2   | Killed an alligator
  9126 | Lair:2   | Found a staircase to the Swamp.
  9253 | Lair:3   | Noticed a death yak
  9253 | Lair:3   | Noticed a death yak
  9265 | Lair:3   | Killed a death yak
  9266 | Lair:3   | Reached skill level 10 in Invocations
  9280 | Lair:3   | HP: 4/89 [death yak[a torpor snail] (13)]
  9282 | Lair:3   | Slain by a death yak

Illustrated notes

Levels and vault maps discovered:
D:1:      noname_arrival_rooms_in_the_neighbourhood, layout_basic,
          serial_bayou_pond_e
D:2:      layout_loops_corners, shapermc_ecumenical_altar_mp_vishouse,
          nicolae_houndstooth_variations, uniq_terence, uniq_robin
D:3:      layout_basic, fedhas_altar_1, led_sif_book
D:4:      layout_basic, mainiacjoe_overflow_small_starburst,
          chequers_temple_overflow_statue_of_worship
D:5:      layout_loops_cross, kennysheep_mini_moat,
          minmay_temple_entry_proselytizer
D:6:      layout_rooms, lemuel_tele_altar,
          nicolae_hepliaklqana_monster_ancestors
D:7:      layout_basic, mainiacjoe_overflow_alcove_2, serial_corexii_hall,
          corexii_hall_statues_x, chequers_hall_statues_y, uniq_jeremiah
D:8:      layout_basic, nicolae_overflow_crystal_walls,
          mainiacjoe_overflow_tiny_flanked, due_lair_maze_entry_diamond,
          serial_rivers, chequers_serial_rivers_small_a,
          chequers_serial_rivers_micro_e, chequers_serial_rivers_micro_a,
          chequers_serial_rivers_micro_b, chequers_serial_rivers_small_b
Temple:   corrupted_temple
Lair:1:   layout_gridlike, cheibrodos_lair_lostbears
Lair:2:   layout_cave_pods, mainiacjoe_swamp_entry_lozenge_pond,
          grunt_megastairs_3, lemuel_fruit_tree, uniq_gastronok
Lair:3:   layout_concentric_octagons, nicolae_snake_entry_squirm,
          gammafunk_ghost_grave, pdpol_lair_cavern_descent

Skill      XL: |  1  2  3  4  5  6  7  8  9 10 11 |
---------------+----------------------------------+-----
Maces & Flails | 2 3 |  3.1
Armour         | 3 4 5 6 7 |  7.4
Fighting       | 4 5 6 7 8 9 |  9.0
Dodging        | 1 2 3 4 5 6 |  6.2
Shields        | 3 4 5 6 8 9 |  9.2
Polearms       | 1 2 3 4 5 6 |  6.6
Invocations    | 2 5 7 8 10 | 10.0

Action                     |  1- 3 |  4- 6 |  7- 9 | 10-12 || total
---------------------------+-------+-------+-------+-------++-------
  Melee: Flail             |   113 |   166 |       |       ||   279
         Kick              |    16 |    51 |    71 |   113 ||   251
         Demon trident     |       |    55 |   175 |   200 ||   430
         Trident           |       |       |    67 |    76 ||   143
  Throw: Dart              |       |     1 |     6 |    12 ||    19
 Invoke: Stomp             |       |     2 |    22 |    28 ||    52
         Line Pass         |       |       |       |     4 ||     4
  Evoke: Wand              |       |     3 |     1 |       ||     4
    Use: Scroll            |       |     6 |    10 |     8 ||    24
         Potion            |       |     1 |     3 |     1 ||     5
   Stab: Paralysed         |       |       |     4 |     8 ||    12
         Confused          |       |       |       |     2 ||     2
 Armour: Scale mail        |    66 |    53 |   194 |   192 ||   505
         Leather armour    |       |   109 |       |       ||   109
  Dodge: Dodged            |    59 |    91 |    99 |   101 ||   350
  Block: Buckler           |    28 |    36 |       |       ||    64
         Kite shield       |       |    25 |   150 |   253 ||   428
